 Dungeon Crawl Stone Soup version 0.19.1 (webtiles) character file.

5879 Haldmier the Carver (level 10, -1/68 HPs)
             Began as a High Elf Skald on Dec 13, 2016.
             Was a High Priest of Okawaru.
             Slain by an unseen horror (2 damage)
             ... on level 10 of the Dungeon.
             The game lasted 00:47:25 (11777 turns).

Haldmier the Carver (High Elf Skald)               Turns: 11777, Time: 00:47:27

Health: -1/68      AC:  7    Str: 11    XL:     10   Next: 52%
Magic:  15/20      EV: 12    Int: 17    God:    Okawaru [*****.]
Gold:   653        SH:  0    Dex: 18    Spells: 6 memorised, 5 levels left

rFire  + . .     SeeInvis .     W - +2 short sword (elec)
rCold  . . .     Gourm    .     G - +2 robe {MR+}
rNeg   . . .     Faith    .     (no shield)
rPois  .         Spirit   .     (no helmet)
rElec  .         Reflect  .     (no cloak)
rCorr  .         Harm     .     m - +0 pair of gloves
MR     ++...                    K - +1 pair of boots
Stlth  ++........               Q - amulet of magic regeneration
                                (no ring)
                                L - ring of protection from fire

@: very slightly contaminated, hasted, very quick
A: no striking features
a: Heroism, Finesse, Renounce Religion


You were on level 10 of the Dungeon.
You worshipped Okawaru.
Okawaru was extremely pleased with you.
You were not hungry.

You visited 1 branch of the dungeon, and saw 10 of its levels.
You also visited: Ossuary.

You collected 653 gold pieces.

Inventory:

Hand Weapons
 e - a +1 short sword of venom
 r - a +0 blowgun
 z - a +0 long sword
 J - a +5 falchion
 W - a +2 short sword of electrocution (weapon)
Missiles
 k - 7 tomahawks (quivered)
 s - 44 poisoned needles
 D - 8 javelins
 V - 3 javelins of penetration
 X - 2 throwing nets
Armour
 a - a cursed +0 shield
 g - a +0 ring mail
 m - a +0 pair of gloves (worn)
 q - a cursed +0 scale mail
 G - a +2 robe of magic resistance (worn)
 K - a +1 pair of boots (worn)
Jewellery
 w - an uncursed amulet of guardian spirit
 x - a cursed -2 ring of evasion {unknown}
 L - a ring of protection from fire (left hand)
 Q - an amulet of magic regeneration (around neck)
Wands
 y - a wand of flame (20/48)
 E - a wand of slowing (23/48)
 F - a wand of iceblast (15/15)
 Z - a wand of iceblast (9/15)
Scrolls
 l - a scroll of remove curse
 p - a scroll of recharging
 v - 3 scrolls of fear
Potions
 f - 5 potions of flight
 i - 7 potions of curing
 n - 2 potions of might
 u - 4 potions of heal wounds
 A - a potion of brilliance {unknown}
 B - 3 potions of agility
 H - 3 potions of lignification {unknown}
 M - a potion of magic {unknown}
 N - a potion of ambrosia {unknown}
 O - a potion of haste
 R - a potion of cancellation {unknown}
 S - a potion of berserk rage {unknown}
Books
 b - a book of Cantrips

   Spells                             Type                      Level
   a - Confusing Touch                Hexes                        1
   b - Animate Skeleton               Necromancy                   1
   c - Summon Small Mammal            Summoning                    1
   d - Apportation                    Translocation                1
 c - a book of Battle

   Spells                             Type                      Level
   a - Infusion                       Charms                       1
   b - Shroud of Golubria             Charms/Translocation         2
   c - Song of Slaying                Charms                       2
   d - Spectral Weapon                Hexes/Charms                 3
   e - Regeneration                   Charms/Necromancy            3
 C - a book of Clouds

   Spells                             Type                      Level
   a - Mephitic Cloud                 Conjuration/Poison/Air       3
   b - Conjure Flame                  Conjuration/Fire             3
   c - Poisonous Cloud                Conjuration/Poison/Air       6
   d - Freezing Cloud                 Conjuration/Ice/Air          6
   e - Ring of Flames                 Charms/Fire                  7
 T - a book of Flames

   Spells                             Type                      Level
   a - Flame Tongue                   Conjuration/Fire             1
   b - Throw Flame                    Conjuration/Fire             2
   c - Conjure Flame                  Conjuration/Fire             3
   d - Inner Flame                    Hexes/Fire                   3
   e - Sticky Flame                   Conjuration/Fire             4
   f - Fireball                       Conjuration/Fire             5
Comestibles
 d - 6 bread rations
 h - 2 fruits
 j - 3 beef jerkies
 o - 11 royal jellies
 t - 2 meat rations
 I - 2 chunks of flesh
 U - a slice of pizza


   Skills:
 - Level 6.2 Fighting
 - Level 10.2 Long Blades
 - Level 0.8 Armour
 - Level 1.1 Dodging
 - Level 6.0 Spellcasting
 + Level 4.5 Conjurations
 - Level 5.0 Hexes
 - Level 7.5 Charms
 - Level 3.0 Necromancy
 - Level 4.0 Translocations
 + Level 3.7 Fire Magic


You had 5 spell levels left.
You knew the following spells:

 Your Spells              Type           Power        Failure   Level  Hunger
a - Infusion              Chrm           ####         1%          1    None
b - Shroud of Golubria    Chrm/Tloc      ###.......   1%          2    None
c - Spectral Weapon       Hex/Chrm       ####....     3%          3    ##.....
d - Regeneration          Chrm/Necr      ###.......   6%          3    ##.....
e - Conjure Flame         Conj/Fire      ###.....     10%         3    ##.....
f - Sticky Flame          Conj/Fire      ###.....     24%         4    ####...


Dungeon Overview and Level Annotations

Branches:
Dungeon (10/15)            Temple (0/1) D:5            Lair (0/6) D:8
    Orc (0/2) D:10

Altars:
Dithmenos
Elyvilon
Fedhas
Gozag
Hepliaklqana
Nemelex Xobeh
Okawaru
Qazlal
Sif Muna
Trog
Xom
Zin
The Shining One

Annotations:
D:10 Philosophy's ghost, journeyman VSFi


Message History

The unseen horror burns!
Something hits you. The unseen horror misses you.
Philosophy's ghost hits you but does no damage.
You are electrocuted!
* * * LOW HITPOINT WARNING * * *
You take 11 damage, and have 14/68 hp.
The unseen horror burns!
Something barely misses you. The unseen horror barely misses you.
You feel yourself speed up.
The unseen horror burns!
Something hits you!
* * * LOW HITPOINT WARNING * * *
Something hits you.
* * * LOW HITPOINT WARNING * * *
Philosophy's ghost says, "You must not fail where I succeeded!"
Philosophy's ghost hits you but does no damage.
You are very lightly contaminated with residual magic.
You take 8 damage, and have 6/68 hp.
Something hits you but does no damage. Something hits you.
* * * LOW HITPOINT WARNING * * *
Something hits you.
You die...

#(................####
#.....................
#.....###########+##..
#.....# ......('..
#.....# .......#..
#....W# .......'..
#.....# .......#..
###.....# .......#..
#......@# .......#..
#.......######'#######..
#.......................
#.....................##
#...........##........#
............##........##
............##..._......
.....}......###.........
............# #....(####


You could see Philosophy's ghost.

Vanquished Creatures
  An elephant (D:8)
  A troll (D:10)
  A hippogriff (D:10)
  A wraith (D:10)
  A yak (D:8)
  2 ice beasts
  A phantom (D:9)
  An eye of draining (D:10)
  4 orc warriors
  A necrophage (D:10)
  11 ogres
  The ghost of empire the Unweaver, an amateur DsAK of Lugonu (D:4)
  A crocodile (D:8)
  7 centaurs
  3 big kobolds
  2 gnoll sergeants
  A wyvern zombie (D:10)
  3 scorpions
  5 wights (D:10)
  2 bullfrog zombies (D:8)
  A crimson imp (D:10)
  4 centaur zombies
  A human zombie (Ossuary)
  5 orc priests
  A bullfrog skeleton (D:5)
  2 hounds
  7 jellies
  8 orc wizards
  An iguana (D:8)
  7 worker ants
  A big kobold zombie (Ossuary)
  A hound skeleton (D:8)
  2 mummies (Ossuary)
  18 gnolls
  13 adders
  4 shadow imps
  5 oozes (D:8)
  3 adder zombies
  A worm (D:5)
  4 dart slugs
  3 leopard geckos
  33 orcs
  A ball python (D:5)
  4 bats
  3 giant cockroaches
  5 goblins
  10 hobgoblins
  7 jackals
  6 quokkas
  4 frilled lizards
  4 goblin zombies (Ossuary)
  5 hobgoblin zombies (Ossuary)
  2 jackal zombies
  12 kobolds
  13 kobold zombies (Ossuary)
  A leopard gecko skeleton (D:8)
  7 orc zombies
  3 quokka skeletons
  7 rats
  A rat zombie (Ossuary)
270 creatures vanquished.

Vanquished Creatures (collateral kills)
  An orc (D:5)
1 creature vanquished.

Vanquished Creatures (others)
  2 spectral weapons
2 creatures vanquished.

Grand Total: 273 creatures vanquished

Notes
Turn   | Place    | Note
-------+----------+-------------------------------------------
     0 | D:1      | Haldmier the High Elf Skald began the quest for the Orb.
     0 | D:1      | Reached XP level 1. HP: 14/14 MP: 4/4
   304 | D:1      | Reached skill level 3 in Long Blades
   437 | D:1      | Reached XP level 2. HP: 17/19 MP: 6/6
   463 | D:1      | Learned a level 2 spell: Shroud of Golubria
  1226 | D:1      | Reached XP level 3. HP: 25/25 MP: 7/7
  1528 | D:2      | Found a glowing golden altar of the Shining One.
  1641 | D:2      | Found a stormy altar of Qazlal.
  1834 | D:2      | Reached skill level 1 in Translocations
  1967 | D:2      | Reached XP level 4. HP: 26/30 MP: 6/8
  2270 | D:3      | Found a deep blue altar of Sif Muna.
  2270 | D:3      | Found an iron altar of Okawaru.
  2276 | D:3      | Found a sparkling altar of Nemelex Xobeh.
  2281 | D:3      | Found a faded altar of an unknown god.
  2284 | D:3      | Found a hazy altar of Hepliaklqana.
  2294 | D:3      | Became a worshipper of Warmaster Okawaru
  2637 | D:3      | Reached skill level 4 in Long Blades
  2684 | D:3      | Learned a level 3 spell: Spectral Weapon
  2863 | D:4      | Noticed empire's ghost (amateur DsAK)
  3259 | D:4      | Reached XP level 5. HP: 17/36 MP: 10/10
  3271 | D:4      | Learned a level 3 spell: Regeneration
  3469 | D:4      | Reached skill level 1 in Hexes
  3952 | D:4      | Killed empire's ghost
  3952 | D:4      | Reached * piety under Okawaru
  3952 | D:4      | Reached skill level 5 in Long Blades
  3952 | D:4      | Reached XP level 6. HP: 31/42 MP: 1/11
  4174 | D:5      | Entered Level 5 of the Dungeon
  4575 | D:5      | Found a shimmering altar of Xom.
  4651 | D:5      | Reached XP level 7. HP: 30/46 MP: 11/13
  5172 | D:5      | Reached skill level 5 in Charms
  5363 | D:5      | Reached skill level 6 in Long Blades
  5492 | D:5      | Found a staircase to the Ecumenical Temple.
  6531 | D:6      | Reached ** piety under Okawaru
  6531 | D:6      | Reached XP level 8. HP: 49/54 MP: 12/15
  6788 | D:6      | Found a white marble altar of Elyvilon.
  6851 | D:6      | Reached skill level 7 in Long Blades
  7326 | D:7      | Found a blossoming altar of Fedhas.
  7521 | D:7      | Reached skill level 1 in Necromancy
  7526 | D:7      | Reached skill level 5 in Spellcasting
  7602 | D:7      | Found a shadowy altar of Dithmenos.
  7870 | D:7      | Found a bloodstained altar of Trog.
  8282 | D:8      | Found a sand-covered staircase.
  8307 | Ossuary  | Entered an ossuary
  8489 | Ossuary  | Reached skill level 8 in Long Blades
  8545 | Ossuary  | Reached XP level 9. HP: 50/60 MP: 7/17
  8655 | D:8      | Learned a level 3 spell: Conjure Flame
  8660 | D:8      | Learned a level 4 spell: Sticky Flame
  8831 | D:8      | Reached skill level 5 in Fighting
  8891 | D:8      | Reached *** piety under Okawaru
  9024 | D:8      | Noticed an elephant
  9147 | D:8      | Killed an elephant
  9147 | D:8      | Reached skill level 1 in Conjurations
  9147 | D:8      | Reached skill level 1 in Fire Magic
  9305 | D:8      | Found a staircase to the Lair.
  9981 | D:9      | Reached **** piety under Okawaru
  9981 | D:9      | Reached skill level 9 in Long Blades
 10212 | D:9      | Found an opulent altar of Gozag.
 10274 | D:9      | Reached skill level 5 in Hexes
 10708 | D:10     | Entered Level 10 of the Dungeon
 10790 | D:10     | Reached XP level 10. HP: 68/68 MP: 15/20
 10851 | D:10     | Found a staircase to the Orcish Mines.
 11122 | D:10     | Noticed Philosophy's ghost (journeyman VSFi)
 11387 | D:10     | Reached skill level 10 in Long Blades
 11411 | D:10     | Found a glowing silver altar of Zin.
 11624 | D:10     | Reached ***** piety under Okawaru
 11770 | D:10     | Noticed an unseen horror
 11777 | D:10     | HP: 1/68 [something (5)]
 11777 | D:10     | Slain by an unseen horror

Skill      XL: |  1  2  3  4  5  6  7  8  9 10 |
---------------+-------------------------------+-----
Long Blades    | 3 4 5 6 8 9 10 | 10.2
Translocations | 1 2 4 |  4.0
Charms         | 4 5 6 7 |  7.5
Fighting       | 3 4 5 6 |  6.2
Hexes          | 1 2 3 4 5 |  5.0
Spellcasting   | 3 4 5 6 |  6.0
Necromancy     | 1 2 3 |  3.0
Conjurations   | 2 4 |  4.5
Fire Magic     | 2 3 |  3.7
Armour         | |  0.8
Dodging        | |  1.1

Action                   |  1- 3 |  4- 6 |  7- 9 | 10-12 || total
-------------------------+-------+-------+-------+-------++-------
Melee: Short sword       |   102 |   158 |   462 |   148 ||   870
       Falchion          |     5 |       |   130 |       ||   135
Throw: Tomahawk          |       |       |       |     7 ||     7
 Cast: Infusion          |     2 |     2 |     4 |       ||     8
       Shroud of Golubri |     4 |     7 |    31 |    18 ||    60
       Spectral Weapon   |       |     1 |    30 |    14 ||    45
       Regeneration      |       |       |    48 |    26 ||    74
       Conjure Flame     |       |       |       |     2 ||     2
       Sticky Flame      |       |       |       |     2 ||     2
  Use: Scroll            |       |       |    16 |       ||    16
       Potion            |       |       |     1 |     2 ||     3
 Stab: Sleeping          |       |       |     4 |       ||     4
       Distracted        |       |       |     4 |     2 ||     6
  Eat: Chunk             |     4 |     8 |    26 |     7 ||    45
       Royal jelly       |       |       |     1 |       ||     1
Armor: Leather armour    |     3 |       |       |       ||     3
       Ring mail         |    35 |    52 |    34 |       ||   121
       Robe              |       |       |    90 |    30 ||   120
Dodge: Dodged            |    45 |    61 |   297 |    64 ||   467
       Rpst.: Falchion   |     1 |       |    13 |       ||    14
